 Dungeon Crawl Stone Soup version 0.30-a0-50-gb2d611f6b1 (webtiles) character file.

Game seed: 12440610703154720525

116590 Moonkey the Eclecticist (level 16, -7/95 (103) HPs)
             Began as a Deep Elf Conjurer on Sept 2, 2022.
             Was a High Priest of Vehumet.
             Mangled by a bog body (23 damage)
             ... on level 4 of the Swamp on Sept 3, 2022.
             The game lasted 02:51:52 (34971 turns).

Moonkey the Eclecticist (Deep Elf Conjurer)        Turns: 34971, Time: 02:51:57

HP:   -7/95 (103)   AC: 15    Str:  4    XL:     16   Next: 21%
MP:   26/50         EV: 10    Int: 32    God:    Vehumet [*****.]
Gold: 155           SH:  5    Dex: 13    Spells: 26/53 levels left

rFire   + + .      SeeInvis .    V - staff of conjuration
rCold   . . .      Faith    .    (no shield)
rNeg    . . .      Spirit   .    j - +0 swamp dragon scales
rPois   +          Reflect  +    M - +0 hat
rElec   .          Harm     .    C - scarf {rC+ rF+}
rCorr   .          Rampage  .    D - +1 pair of gloves {Stlth+}
Will    ++...      Clarity  +    L - +1 pair of boots
Stlth   ++++......               J - amulet of reflection
HPRegen 0.25/turn                d - ring of magical power
MPRegen 0.32/turn                x - ring of fire

@: hasted, drained, very quick
A: iridescent scales 1, clarity, strong-willed 1, MP-powered wands
a: Renounce Religion


You were on level 4 of the Swamp.
You worshipped Vehumet.
Vehumet was extremely pleased with you.
You visited 4 branches of the dungeon, and saw 24 of its levels.
You also visited: Ice Cave.

You collected 1703 gold pieces.
You spent 1548 gold pieces at shops.

Inventory:

Armour
 j - +0 swamp dragon scales (worn)
 C - a scarf of resistance (worn)
 D - a +1 pair of gloves of stealth (worn)
 H - the +10 ring mail "Weituko" {rF+ Str+3}
   (You found it on level 3 of the Swamp)

   Str:       It affects your strength (+3).
   rF:        It protects you from fire.
 K - a +2 robe of the Archmagi
 L - a +1 pair of boots (worn)
 M - a +0 hat (worn)
Magical Staves
 Q - a staff of poison
 V - a staff of conjuration (weapon)
Jewellery
 d - a ring of magical power (left hand)
 x - a ring of fire (right hand)
 y - a ring of resist corrosion
 F - a +4 ring of protection
 J - an amulet of reflection (around neck)
 P - a ring of willpower
Wands
 u - a wand of digging (18)
 z - a wand of mindburst (7)
 G - a wand of charming (3)
 N - a wand of flame (12)
Scrolls
 a - 4 scrolls of immolation
 e - 2 scrolls of summoning {unknown}
 h - a scroll of blinking
 l - 5 scrolls of amnesia
 m - 2 scrolls of torment {unknown}
 q - 3 scrolls of fog
 t - 2 scrolls of poison
 v - 2 scrolls of teleportation
 A - 3 scrolls of enchant weapon {unknown}
 B - 3 scrolls of fear {unknown}
 E - 3 scrolls of magic mapping
 O - a scroll of brand weapon
 W - 2 scrolls of enchant armour
Potions
 b - 3 potions of magic
 c - 5 potions of brilliance
 f - 2 potions of mutation
 g - 3 potions of curing
 i - 2 potions of flight
 k - a potion of cancellation {unknown}
 n - a potion of invisibility {unknown}
 o - 6 potions of haste
 p - a potion of might
 r - a potion of ambrosia {unknown}
 s - a potion of lignification {unknown}
 w - 5 potions of berserk rage
 T - 3 potions of attraction
Miscellaneous
 I - a piece from Xom's chessboard (15/15)


   Skills:
 * Level 12.8 Fighting
 + Level 5.9 Armour
 - Level 5.0 Dodging
 - Level 7.0 Stealth
 * Level 19.3 Spellcasting
 * Level 16.7 Conjurations
 - Level 3.0 Summonings
 - Level 8.0 Translocations
 + Level 9.3 Fire Magic


You had 26 spell levels left.
You knew the following spells:

 Your Spells              Type           Power      Damage    Failure   Level
a - Magic Dart            Conj           100%       1d8       0%          1
b - Searing Ray           Conj           100%       2d8       0%          2
c - Iskenderun's Mystic   Conj/Tloc      100%       2d19      1%          4
d - Iskenderun's Battles  Conj           100%       2d15      1%          5
e - Spellforged Servitor  Conj/Summ      48%        N/A       21%         7
f - Fireball              Conj/Fire      65%        3d25      1%          5
p - Ignite Poison         Fire/Tmut/Pois 66%        N/A       1%          3

Your spell library contained the following spells:

 Spells                   Type           Power      Damage    Failure   Level
 Conjure Ball Lightning   Conj/Air       45%        3x3d16    8%          6
 Apportation              Tloc           100%       N/A       1%          1
 Foxfire                  Conj/Fire      100%       2x1d9     1%          1
 Summon Small Mammal      Summ           100%       N/A       1%          1
 Static Discharge         Conj/Air       100%       3-10/arc  1%          2
 Conjure Flame            Conj/Fire      100%       6-21      1%          3
 Dazzling Flash           Conj/Hex       100%       N/A       1%          3
 Inner Flame              Hex/Fire       74%        N/A       1%          3
 Mephitic Cloud           Conj/Pois/Air  79%        N/A       1%          3
 Stone Arrow              Conj/Erth      100%       3d13      1%          3
 Flame Wave               Conj/Fire      100%       2d21      1%          4
 Fulminant Prism          Conj/Hex       45%        3d21      1%          4
 Passage of Golubria      Tloc           70%        N/A       1%          4
 Sticky Flame             Conj/Fire      100%       2d11      1%          4
 Frozen Ramparts          Ice            60%        1d10      4%          3
 Freezing Cloud           Conj/Ice/Air   39%        6-21      4%          5
 Necrotise                Necr           100%       1d9       5%          1
 Slow                     Hex            100%       N/A       5%          1
 Iron Shot                Conj/Erth      45%        9d9       8%          6
 Confusing Touch          Hex            30%        N/A       17%         3
 Tukima's Dance           Hex            30%        N/A       17%         3
 Vampiric Draining        Necr           30%        2d8       17%         3
 Animate Armour           Summ/Erth      80%        N/A       30%         4
 Summon Ice Beast         Ice/Summ       40%        N/A       30%         4
 Yara's Violent Unravell  Hex/Tmut       15%        3d8       36%         5
 Dispel Undead            Necr           30%        3d14      50%         4
 Ice Form                 Ice/Tmut       30%        N/A       50%         4
 Petrify                  Tmut/Erth      30%        N/A       50%         4
 Blade Hands              Tmut           15%        N/A       83%         5
 Metabolic Englaciation   Hex/Ice        15%        N/A       83%         5
 Lehudib's Crystal Spear  Conj/Erth      45%        10d11     94%         8
 Statue Form              Tmut/Erth      20%        N/A       100%        6


Dungeon Overview and Level Annotations

Branches:
Dungeon (14/15)            Temple (1/1) D:6            Lair (5/5) D:11
  Swamp (4/4) Lair:2       Spider (0/4) Lair:2        Slime (0/5) Lair:5
    Orc (0/2) D:12         Vaults (0/5) D:13          IceCv (visited)

Altars:
Ashenzari
Cheibriados
Dithmenos
Elyvilon
Fedhas
Gozag
Hepliaklqana
Kikubaaqudgha
Makhleb
Nemelex Xobeh
Okawaru
Qazlal
Ru
Sif Muna
Trog
Uskayaw
Vehumet
Wu Jian
Xom
Yredelemnul
Zin
The Shining One
Jiyva

Shops:
D:4 :   D:5 ((   D:7 *   D:9 [

Annotations:
Lair:1 exclusion: oklob plant
Swamp:4 Donald, Louise, Mlioglotl


Innate Abilities, Weirdness & Mutations

You are partially covered in iridescent scales. (AC +2)
You possess an exceptional clarity of mind.
You are strong-willed. (Will+)
You expend magic power (3 MP) to strengthen your wands.


Message History

The eight-headed hydra is moderately wounded.
The eight-headed hydra is knocked back by the mystic blast.
The mystic blast hits the seven-headed hydra!!
The seven-headed hydra is severely wounded.
You hear a roar!
The seven-headed hydra bites you but does no damage.
The seven-headed hydra bites you.
The seven-headed hydra bites you but does no damage. x2
The seven-headed hydra closely misses you.
The seven-headed hydra bites you but does no damage.
You block the seven-headed hydra's attack.
Casting: Iskenderun's Mystic Blast (safe; 1% risk of failure)
Confirm with . or Enter, or press ? or * to list all spells.
You don't have enough magic to cast this spell.
Magic courses through your body. The seven-headed hydra bites you.
You block the seven-headed hydra's attack.
The seven-headed hydra bites you.
The seven-headed hydra bites you but does no damage. x2
The seven-headed hydra barely misses you.
The seven-headed hydra bites you.
* * * LOW HITPOINT WARNING * * *
Casting: Iskenderun's Mystic Blast (safe; 1% risk of failure)
Confirm with . or Enter, or press ? or * to list all spells.
You feel a surge of power!
You erupt in a blast of force!
The mystic blast hits the eight-headed hydra!!
The eight-headed hydra is severely wounded.
The eight-headed hydra is knocked back by the mystic blast.
The mystic blast hits the seven-headed hydra!!
The seven-headed hydra is almost dead.
The seven-headed hydra is knocked back by the mystic blast.
The mystic blast hits the swamp dragon!
The swamp dragon is heavily wounded.
The swamp dragon is knocked back by the mystic blast.
The swamp dragon slams into the stone wall!
The swamp dragon is severely wounded.
Your surroundings suddenly seem different.
The bog body touches you!
* * * LOW HITPOINT WARNING * * *
The bog body freezes you!!
You die...

*,,~,,,,~,,~~,,~~,,#D....#,
*,,.....§.§.~...~~,#.D}..#,
**,.....~.~..~~~~xx#.....#,
*,,§...~..~....~...##....D.
*~~~.§....~..~...#~~####'#k
*,~....~~.~~~......~.~~~..~
*,~...~~~..~~~~..#~~#.8~(.8
*,,.~.~~..nt..).....k..,,~~
**,~.....~@ik.~.~...#~P,~*,
♣.....~~.~~Xt$....°.D~~****
♣.......~.nZ.~~~..○.D..,,,,
♣....~.....~...i.?~☼☼.~,,,~
♣.~.~).........@...~D.(,8,8
♣~..........~.~.~..~...,~~,
*~°..~......~..)...~.##*,*,
♣♣☼~~Z~§.D~.Z...~.~..~.~~,,
♣§☼°°°Z~~.~~i.§..~..P.~,~*,


You could see Mlioglotl (strong), Louise, a swamp dragon (wandering), 2 ghost
crabs, 2 spriggan druids, a spectral death drake (summoned, wandering), a
spectral snapping turtle (summoned), a spectral spriggan berserker (summoned,
wandering), a bog body, a swamp drake, a small abomination (summoned) and a
bloated husk.

Vanquished Creatures
  A tentacled monstrosity (Swamp:3)
  Gastronok (Lair:1)
  2 ghouls (Swamp:4)
  2 eleionomae
  2 bunyips (Swamp:2)
  Snorg (D:13)
  A fire dragon (Lair:5)
  Josephine (D:10)
  A shambling mangrove (Swamp:3)
  17 hydras
  4 boulder beetles
  4 ghost crabs
  A centaur warrior (D:13)
  A catoblepas (Lair:3)
  An ogre mage (D:13)
  10 alligators
  6 two-headed ogres
  4 death yaks
  Sonja (Lair:1)
  Amaemon (Lair:1)
  A fire crab (Lair:5)
  8 goliath frogs
  2 spriggan druids
  10 bog bodies
  Pikel (D:8)
  2 deep elf pyromancers
  3 swamp dragons
  A necromancer (IceCv)
  6 ugly things
  2 cyclopes
  5 will-o-the-wisps
  11 black mambas
  12 elephants
  2 ice statues (IceCv)
  3 molten gargoyles (Lair:5)
  An orange demon (Lair:1)
  18 cane toads
  5 torpor snails (Lair:3)
  4 gargoyles
  A kobold demonologist (D:13)
  2 rime drakes
  Maggie (Lair:1)
  13 komodo dragons
  3 anaconda simulacra (IceCv)
  2 komodo dragons (shapeshifter) (D:13)
  6 ice devils (IceCv)
  2 bloated husks
  2 polar bears
  4 hornets
  6 meliai
  5 tyrant leeches
  4 blink frogs (Lair:4)
  15 dream sheep
  A vampire (D:9)
  2 spriggans
  3 dire elephant simulacra (IceCv)
  87 yaks
  5 wraiths
  Eustachio (D:5)
  6 wyverns
  8 basilisks
  A steam dragon (Lair:5)
  A redback (Lair:2)
  10 vampire mosquitoes
  10 swamp worms
  12 water moccasins
  5 hell hounds (Lair:5)
  4 hydra simulacra (IceCv)
  3 acid dragons
  3 swamp drakes
  An ice beast (D:8)
  Duvessa (D:6)
  4 orc warriors
  2 sky beasts
  The ghost of gregwegmann the Covered, an amateur MeFi (D:3)
  2 ogres
  8 centaurs
  9 wolves (Lair:3)
  3 lemures (D:8)
  7 kobold brigands
  15 bullfrogs
  4 necrophages
  2 gnoll sergeants
  7 scorpions
  A two-headed ogre simulacrum (IceCv)
  4 wights (D:8)
  Dowan (D:6)
  3 elephant simulacra (Lair:4)
  5 lava snakes (Lair:5)
  A jelly (D:5)
  6 orc priests
  6 hounds
  2 gnoll boudas
  4 iguanas
  Natasha (thrice) (D:4)
  7 orc wizards
  A polar bear simulacrum (IceCv)
  2 wolf simulacra (Lair:4)
  A centaur simulacrum (D:3)
  16 gnolls
  7 adders
  A hound simulacrum (D:3)
  A naga simulacrum (IceCv)
  A shadow imp (D:5)
  3 white imps
  An adder simulacrum (D:3)
  52 orcs
  7 endoplasms
  7 goblins
  5 hobgoblins
  3 jackals (D:4)
  6 quokkas
  8 ball pythons
  8 bats
  3 frilled lizards
  A jackal simulacrum (D:3)
  26 kobolds
  A quokka simulacrum (D:3)
  2 rats
659 creatures vanquished.

Vanquished Creatures (others)
  A bunyip (Swamp:4)
  16 foxfires
  36 fungi
  46 plants
99 creatures vanquished.

Grand Total: 758 creatures vanquished

Notes
Turn   | Place    | Note
-------+----------+-------------------------------------------
     0 | D:1      | Moonkey the Deep Elf Conjurer began the quest for the Orb.
     0 | D:1      | Reached XP level 1. HP: 10/10 MP: 6/6
   273 | D:1      | Reached XP level 2. HP: 16/16 MP: 4/8
   276 | D:1      | Learned a level 2 spell: Searing Ray
   893 | D:2      | Reached XP level 3. HP: 20/20 MP: 5/10
   934 | D:2      | Reached skill level 1 in Fighting
  1539 | D:3      | Found a runed translucent gate.
  1540 | D:3      | Found a runed translucent gate.
  1541 | D:3      | Found a runed translucent gate.
  1659 | D:3      | Noticed a phantom
  1688 | D:3      | Noticed gregwegmann's ghost (amateur MeFi)
  1868 | D:3      | Reached XP level 4. HP: 25/25 MP: 9/11
  1873 | D:3      | Learned a level 4 spell: Iskenderun's Mystic Blast
  1920 | D:3      | Reached skill level 4 in Spellcasting
  1937 | D:3      | Reached skill level 5 in Conjurations
  2725 | D:4      | Reached XP level 5. HP: 30/30 MP: 6/13
  2942 | D:4      | Reached skill level 1 in Translocations
  3048 | D:4      | Found Wuysch's Book Emporium.
  3094 | D:4      | Noticed an ogre
  3102 | D:4      | Killed an ogre
  3103 | D:4      | Reached skill level 5 in Spellcasting
  3350 | D:4      | Noticed Natasha
  3352 | D:4      | Killed Natasha
  3353 | D:4      | Reached XP level 6. HP: 35/35 MP: 11/15
  3367 | D:4      | Noticed Natasha
  3381 | D:4      | Killed Natasha
  3561 | D:4      | Found an ornate altar of the Wu Jian Council.
  3636 | D:4      | Found a shimmering altar of Xom.
  3654 | D:4      | Noticed Natasha
  3661 | D:4      | Killed Natasha
  4142 | D:5      | Entered Level 5 of the Dungeon
  4398 | D:5      | Reached XP level 7. HP: 40/40 MP: 10/17
  4560 | D:5      | Found Ajoz's Weapon Shop.
  4568 | D:5      | Reached skill level 6 in Spellcasting
  4636 | D:5      | Found Sujobror's Weapon Boutique.
  4880 | D:5      | Noticed Eustachio
  5239 | D:5      | Killed Eustachio
  5595 | D:6      | Reached XP level 8. HP: 47/47 MP: 15/20
  5668 | D:6      | Reached skill level 7 in Spellcasting
  5925 | D:6      | Found an iron altar of Okawaru.
  5939 | D:6      | Reached skill level 5 in Stealth
  6070 | D:6      | Found a staircase to the Ecumenical Temple.
  6113 | Temple   | Entered the Ecumenical Temple
  6161 | Temple   | Became a worshipper of Vehumet
  6212 | D:6      | Noticed Dowan
  6212 | D:6      | Noticed Duvessa
  6223 | D:6      | Killed Dowan
  6269 | D:6      | Killed Duvessa
  6369 | D:6      | Reached skill level 8 in Spellcasting
  6373 | D:6      | HP: 2/48 [poisoned by a water moccasin]
  7004 | D:6      | Found a shimmering blue altar of Sif Muna.
  7027 | D:6      | Found a burning altar of Makhleb.
  7265 | D:7      | Found Muyr's Elemental Accessories.
  7480 | D:7      | Reached XP level 9. HP: 47/53 MP: 16/23
  7599 | D:7      | Found a white marble altar of Elyvilon.
  7644 | D:7      | Reached skill level 5 in Fighting
  8068 | D:7      | Found a stormy altar of Qazlal.
  8322 | D:8      | Noticed Pikel
  8398 | D:8      | Killed Pikel
  8399 | D:8      | Reached skill level 9 in Spellcasting
  8752 | D:8      | Reached * piety under Vehumet
  8752 | D:8      | Offered knowledge of Sandblast by Vehumet.
  8771 | D:8      | Noticed a two-headed ogre
  8782 | D:8      | Killed a two-headed ogre
  8783 | D:8      | Reached skill level 10 in Spellcasting
  8783 | D:8      | Reached skill level 5 in Translocations
  9229 | D:8      | Reached XP level 10. HP: 60/60 MP: 20/26
 10457 | D:9      | Offered knowledge of Poisonous Vapours by Vehumet.
 10458 | D:9      | Reached skill level 11 in Spellcasting
 10575 | D:9      | Reached skill level 10 in Conjurations
 10655 | D:9      | Reached ** piety under Vehumet
 11265 | D:9      | Found Dudoebiw's Armour Shop.
 12404 | D:9      | Reached skill level 12 in Spellcasting
 12756 | D:10     | Entered Level 10 of the Dungeon
 12768 | D:10     | Reached XP level 11. HP: 67/67 MP: 23/29
 12811 | D:10     | Noticed Josephine
 13109 | D:10     | Killed Josephine
 13254 | D:10     | Offered knowledge of Conjure Flame by Vehumet.
 13514 | D:9      | Learned a level 3 spell: Ignite Poison
 13930 | D:4      | Bought a book of Power for 462 gold pieces
 13937 | D:4      | Learned a level 5 spell: Iskenderun's Battlesphere
 14427 | D:10     | Reached skill level 1 in Fire Magic
 15214 | D:11     | Noticed a two-headed ogre
 15222 | D:11     | Killed a two-headed ogre
 15514 | D:11     | Reached *** piety under Vehumet
 15583 | D:11     | Reached skill level 13 in Spellcasting
 15729 | D:11     | Found a staircase to the Lair.
 15853 | D:11     | Gained mutation: Your muscles are strong. (Str +4, Int/Dex
                  | -1) [potion of mutation]
 15853 | D:11     | Gained mutation: Your spells are a little harder to cast,
                  | but a little more powerful. [potion of mutation]
 15853 | D:11     | Gained mutation: You possess an exceptional clarity of
                  | mind. [potion of mutation]
 15854 | D:11     | Lost mutation: You possess an exceptional clarity of mind.
                  | [potion of mutation]
 15854 | D:11     | Lost mutation: Your muscles are strong. (Str +4, Int/Dex
                  | -1) [potion of mutation]
 15854 | D:11     | Lost mutation: Your spells are a little harder to cast, but
                  | a little more powerful. [potion of mutation]
 15854 | D:11     | Gained mutation: You occasionally lose the ability to drink
                  | potions when taking damage. [potion of mutation]
 15855 | D:11     | Lost mutation: You occasionally lose the ability to drink
                  | potions when taking damage. [potion of mutation]
 15855 | D:11     | Gained mutation: You sometimes lose your temper in combat.
                  | [potion of mutation]
 15855 | D:11     | Lost mutation: You sometimes lose your temper in combat.
                  | [potion of mutation]
 15855 | D:11     | Gained mutation: You occasionally lose the ability to read
                  | scrolls when taking damage. [potion of mutation]
 15856 | D:11     | Lost mutation: You occasionally lose the ability to read
                  | scrolls when taking damage. [potion of mutation]
 15856 | D:11     | Gained mutation: You are strong-willed. (Will+) [potion of
                  | mutation]
 15856 | D:11     | Gained mutation: You are partially covered in iridescent
                  | scales. (AC +2) [potion of mutation]
 15856 | D:11     | Gained mutation: You have hidden genetic potential. [potion
                  | of mutation]
 15858 | Lair:1   | Entered Level 1 of the Lair of Beasts
 16226 | Lair:1   | Offered knowledge of Inner Flame by Vehumet.
 16328 | Lair:1   | Noticed Gastronok
 16434 | Lair:1   | Noticed Maggie
 16457 | Lair:1   | Killed Maggie
 16526 | Lair:1   | Killed Gastronok
 16527 | Lair:1   | Reached XP level 12. HP: 75/75 MP: 18/31
 16837 | Lair:1   | Reached skill level 14 in Spellcasting
 16919 | Lair:1   | Noticed Sonja
 16921 | Lair:1   | Killed Sonja
 17356 | Lair:1   | Noticed Amaemon
 17365 | Lair:1   | Killed Amaemon
 17515 | Lair:1   | Reached **** piety under Vehumet
 17678 | Lair:2   | Noticed an eight-headed hydra
 17687 | Lair:2   | Killed an eight-headed hydra
 17715 | Lair:2   | Gained mutation: You expend magic power (3 MP) to
                  | strengthen your wands. [hidden potential]
 17861 | Lair:2   | Found a hole to the Spider Nest.
 17950 | Lair:2   | Noticed a seven-headed hydra
 17958 | Lair:2   | Killed a seven-headed hydra
 17958 | Lair:2   | Offered knowledge of Airstrike by Vehumet.
 18166 | Lair:2   | Reached skill level 15 in Spellcasting
 18357 | Lair:2   | Found a staircase to the Swamp.
 18974 | Lair:2   | Upgraded the game from 0.30-a0-46-g5a63ccc183 to
                  | 0.30-a0-49-g1cef19eb02
 19121 | Lair:3   | Reached skill level 5 in Fire Magic
 19247 | Lair:3   | Reached XP level 13. HP: 82/82 MP: 24/34
 19445 | Lair:3   | Reached skill level 1 in Summonings
 19450 | Lair:3   | Reached skill level 10 in Fighting
 19787 | Lair:3   | Reached ***** piety under Vehumet
 19892 | Lair:3   | Offered knowledge of Orb of Destruction by Vehumet.
 20699 | Lair:3   | Identified the +1 ice dragon scales "Roru" {Drain rF- rC++
                  | Regen+ Str+7 Int+4}
 21105 | Lair:4   | Reached skill level 16 in Spellcasting
 21291 | Lair:4   | Reached skill level 1 in Armour
 21469 | Lair:4   | Reached skill level 5 in Dodging
 21641 | Lair:4   | Found a frozen archway.
 21665 | IceCv    | Entered an ice cave
 22274 | IceCv    | Offered knowledge of Eringya's Noxious Bog by Vehumet.
 22438 | IceCv    | Reached XP level 14. HP: 88/88 MP: 29/36
 23091 | Lair:4   | Gained mutation: You possess an exceptional clarity of
                  | mind. [hidden potential]
 23091 | Lair:4   | Lost mutation: You have hidden genetic potential. [hidden
                  | potential expressed]
 23556 | Lair:5   | Entered Level 5 of the Lair of Beasts
 23564 | Lair:5   | Reached skill level 17 in Spellcasting
 23699 | Lair:5   | Found a viscous altar of Jiyva.
 23701 | Lair:5   | Found a staircase to the Slime Pits.
 24432 | Lair:5   | Reached skill level 15 in Conjurations
 25880 | D:3      | Killed gregwegmann's ghost
 26256 | Lair:5   | Found a large runed translucent door.
 26256 | Lair:5   | Found a large runed translucent door.
 26683 | D:9      | Bought a scarf of resistance for 416 gold pieces
 27360 | D:9      | Bought a +1 pair of gloves of stealth for 214 gold pieces
 27475 | Lair:1   | Identified a scroll of acquirement
 27478 | Lair:1   | Acquired a book of Armaments
 27490 | Lair:1   | Learned a level 7 spell: Spellforged Servitor
 28401 | D:12     | Found a staircase to the Orcish Mines.
 28834 | D:13     | Reached skill level 5 in Armour
 28834 | D:13     | Found a white marble altar of Elyvilon.
 28850 | D:13     | Offered knowledge of Irradiate by Vehumet.
 29259 | D:13     | Reached XP level 15. HP: 95/95 MP: 34/38
 29393 | D:13     | Found a gate to the Vaults.
 29401 | D:13     | Noticed Snorg
 29408 | D:13     | Killed Snorg
 30144 | D:14     | Reached skill level 18 in Spellcasting
 30400 | Lair:1   | Upgraded the game from 0.30-a0-49-g1cef19eb02 to
                  | 0.30-a0-50-gb2d611f6b1
 30597 | Swamp:1  | Entered Level 1 of the Swamp
 32329 | D:7      | Bought Sif Muna's Incunabulum of Conflagration for 456 gold
                  | pieces
 32335 | D:7      | Learned a level 5 spell: Fireball
 33527 | Swamp:3  | Offered knowledge of Conjure Ball Lightning by Vehumet.
 33890 | Swamp:3  | Identified the +10 ring mail "Weituko" {rF+ Str+3}
 34008 | Swamp:3  | Noticed a tentacled monstrosity
 34024 | Swamp:3  | Killed a tentacled monstrosity
 34025 | Swamp:3  | Reached skill level 19 in Spellcasting
 34585 | Swamp:4  | Entered Level 4 of the Swamp
 34615 | Swamp:4  | Reached XP level 16. HP: 103/103 MP: 41/41
 34933 | Swamp:4  | Noticed Donald
 34960 | Swamp:4  | Noticed Mlioglotl
 34960 | Swamp:4  | Noticed Louise
 34971 | Swamp:4  | Mangled by a bog body

Illustrated notes

Levels and vault maps discovered:
D:1:      dpeg_arrival_stonehenge_12_columns, layout_basic
D:2:      layout_basic
D:3:      layout_basic, gammafunk_ghost_icy
D:4:      layout_loops_ring, mainiacjoe_overflow_catch_the_wave, serial_shops,
          kennysheep_little_box, chequers_arboretum, uniq_natasha
D:5:      layout_loops_ring, serial_shops, nicolae_square_shop,
          nicolae_shop_bloodbath_and_beyond, uniq_eustachio
D:6:      layout_rooms, mainiacjoe_overflow_small_starburst,
          mainiacjoe_overflow_tiny_flanked, marbit_many_paths, temple_statues,
          uniq_duvessa
D:7:      layout_loops_cross, mainiacjoe_overflow_catwalk,
          nicolae_qazlal_general_emergency, nicolae_elemental_shop
D:8:      layout_basic, nicolae_ossuary_entry_monument, uniq_pikel
D:9:      layout_gridville, serial_shops, nicolae_stop_n_shop_1, enter_bailey_2,
          hex_tiny
D:10:     layout_long_grid, uniq_josephine
D:11:     layout_small_grid, erik_lair_dragon
D:12:     layout_loops_ring, hiddenorc1_lemuel, nrook_uturn
D:13:     layout_cave_pods, david_vaults_2, elyvilon_altar_3, uniq_snorg
D:14:     layout_long_grid, abandoned_shop, minmay_misc_feat_ornament
Temple:   hellmonk_temple_of_storms
Lair:1:   layout_chaotic_city, beast_lair_carwin_5, grunt_megastairs_2,
          uniq_maggie, uniq_amaemon, uniq_gastronok, uniq_sonja
Lair:2:   layout_chaotic_city, minmay_swamp_entry_worms, spider_nest_entry_a,
          infiniplex_staircase_pool_2
Lair:3:   nzn_winding_woodlands_large [nzn_winding_woodlands_hourglass,
          nzn_winding_woodlands_5x15_cabin, nzn_winding_woodlands_5x5_cross,
          nzn_winding_woodlands_center_triple_pond,
          nzn_winding_woodlands_15x15_thick_spiral,
          nzn_winding_woodlands_center_pierced_h,
          nzn_winding_woodlands_5x5_closed_star, nzn_winding_woodlands_5x15_eye,
          nzn_winding_woodlands_5x5_default], layout_cave_pods
Lair:4:   layout_gridlike, portal_ice_cave_entry_ice_simulacra,
          hangedman_lair_generics_rect, lemuel_fruit_tree, grunt_megastairs_4
Lair:5:   cheibrodos_lair_end_hotspot, layout_cave_pods, slime_entry_1,
          nicolae_quartered_pool_impasse
Swamp:1:  nicolae_swamp_tree_isthmus, layout_basic_swamp,
          nicolae_swamp_fairy_circle
Swamp:2:  layout_basic_swamp, nicolae_swamp_little_tower
Swamp:3:  layout_basic_swamp, evilmike_swamp_ruin_rubble_2, swamp_pool1,
          infiniplex_staircase_pool
Swamp:4:  grunt_swamp_rune_castle, layout_basic_swamp,
          gammafunk_ghost_wrathful_warriors, swamp_pool1, uniq_mlioglotl,
          uniq_donald, uniq_louise

Skill      XL: |  1  2  3  4  5  6  7  8  9 10 11 12 13 14 15 |
---------------+----------------------------------------------+-----
Fighting       | 1 2 3 4 6 7 8 9 10 11 12 | 12.8
Spellcasting   | 4 5 6 8 10 12 13 15 16 17 19 | 19.3
Stealth        | 3 4 5 7 |  7.0
Conjurations   | 5 6 7 9 10 12 13 14 15 16 | 16.7
Translocations | 1 2 4 5 6 7 8 |  8.0
Dodging        | 3 5 |  5.0
Fire Magic     | 3 5 6 7 9 |  9.3
Summonings     | 1 3 |  3.0
Armour         | 2 5 |  5.9

Action                   |  1- 3 |  4- 6 |  7- 9 | 10-12 | 13-15 | 16-18 || total
-------------------------+-------+-------+-------+-------+-------+-------++-------
 Cast: Magic Dart        |    72 |    50 |   112 |   241 |   240 |       ||   715
       Searing Ray       |       |    19 |    56 |    91 |    63 |     1 ||   230
       Iskenderun's Myst |       |       |    12 |    94 |   201 |    14 ||   321
       Iskenderun's Batt |       |       |       |    51 |   145 |     4 ||   200
       Spellforged Servi |       |       |       |       |     1 |       ||     1
       Fireball          |       |       |       |       |    68 |    25 ||    93
  Use: Scroll            |       |       |     5 |     5 |    17 |     5 ||    32
       Potion            |       |       |     1 |     4 |     3 |     4 ||    12
Armor: Robe              |       |     3 |     9 |    12 |     7 |       ||    31
       Ice dragon scales |       |       |       |       |     6 |       ||     6
       Swamp dragon scal |       |       |       |       |     7 |    14 ||    21
Dodge: Dodged            |     1 |     1 |    28 |    60 |    29 |     3 ||   122
Block: Other             |       |       |       |     5 |    16 |     3 ||    24
       Reflection        |       |       |       |     2 |     6 |       ||     8

Table legend: (Time is in decaauts)
 A = Elapsed time spent in this place.
 B = Non-inter-level travel time spent in this place.
 C = Inter-level travel time spent in this place.
 D = Time resting spent in this place.
 E = Time spent auto-exploring this place.
 F = Levels seen in this place.
 G = Mean time per level.
                   A        B        C        D        E       F      G
               +--------+--------+--------+--------+--------+-----+--------+
         Total |  35265 |  32224 |   3041 |  12113 |  15474 |  25 | 1410.6 |
       Dungeon |  19638 |  17926 |   1712 |   6356 |   9379 |  14 | 1402.7 |
        Temple |     69 |     35 |     34 |      0 |     22 |   1 |   69.0 |
          Lair |  10618 |   9556 |   1062 |   3705 |   4357 |   5 | 2123.6 |
         Swamp |   3995 |   3763 |    232 |   1480 |   1690 |   4 |  998.8 |
      Ice Cave |    942 |    942 |      0 |    572 |     26 |   1 |  942.0 |
               +--------+--------+--------+--------+--------+-----+--------+

Top non-repeatable levels by time:
     D:8: 2628 daAuts
  Lair:5: 2511 daAuts
     D:9: 2286 daAuts
  Lair:3: 2157 daAuts
  Lair:1: 2130 daAuts
  Lair:2: 1948 daAuts
  Lair:4: 1871 daAuts
    D:11: 1806 daAuts
     D:4: 1652 daAuts
     D:6: 1582 daAuts
    D:10: 1464 daAuts
    D:13: 1412 daAuts
     D:5: 1405 daAuts
     D:3: 1360 daAuts
 Swamp:3: 1292 daAuts
